Map: Acropolis LE

Players

LiquidTaeJa (TaeJa)

  • Race: Terran Terran
  • League: Diamond
  • Spawn Location: 5:00

HeroMarine - Winner!

  • Race: Terran Terran
  • League: Grandmaster
  • Spawn Location: 11:00

Event: 2019 Assembly Summer

VOD

Have the link to the VOD?

Description

Time

  • Played on: Aug. 1, 2019, 11:32 a.m.
  • Length: 8:36

All games in this series

Show
View Real Time Build Order
Export as new Build Order

LiquidTaeJa Terran 

Build Orders: Reaper Expand 

Get SALT Encoding   

  12  0:00  SCV  
  13  0:12  SCV  
  14  0:18  Supply Depot  
  14  0:24  SCV  
  15  0:39  Barracks, SCV  
  16  0:43  Refinery  
  16  0:51  SCV  
  17  1:03  SCV  
  18  1:15  SCV  
  19  1:27  Orbital Command  
  19  1:28  Reaper  
  20  1:41  Command Center  
  20  1:51  Supply Depot  
  20  1:53  SCV  
  21  2:00  Marine  
  22  2:05  SCV  
  23  2:08  Factory  
  23  2:14  Refinery  
  23  2:17  SCV  
  23  2:21  Barracks Reactor  
  24  2:29  SCV  
  25  2:42  SCV  
  26  2:54  Orbital Command, Starport, SCV  
  26  2:56  Widow Mine  
  26  2:58  Marine x2  
  30  3:00  Orbital Command  
  30  3:06  SCV  
  31  3:18  Marine x2, SCV  
  34  3:21  Factory Tech Lab  
  34  3:25  SCV  
  35  3:30  SCV  
  35  3:31  Starport Tech Lab  
  36  3:34  Supply Depot  
  36  3:38  SCV  
  37  3:42  SCV  
  37  3:43  Cyclone  
  37  3:44  Refinery  
  41  3:50  SCV  
  41  3:54  SCV  
  43  3:55  Command Center  
  43  3:58  Raven  
  45  4:04  SCV  
  45  4:06  SCV  
  45  4:08  Marine x2  
  49  4:17  Supply Depot, SCV  
  50  4:18  SCV  
  50  4:19  Siege Tank  
  54  4:30  Refinery  
  54  4:38  Marine x2, SCV x2  
  54  4:41  Supply Depot, Raven  
  60  4:50  SCV x2  
  62  5:02  Supply Depot, Marine, Siege Tank, SCV  
  62  5:03  Marine, SCV  
  69  5:08  Orbital Command  
  69  5:15  SCV x2  
  69  5:19  Barracks  
  71  5:21  Barracks  
  71  5:23  Engineering Bay  
  71  5:24  Engineering Bay  
  71  5:26  Supply Depot  
  71  5:27  Raven, SCV x2  
  75  5:33  Orbital Command  
  75  5:35  Marine x2  
  76  5:38  Siege Tank  
  76  5:39  SCV x2  
  82  5:47  Supply Depot  
  82  5:50  Terran Infantry Armor Level 1, Terran Infantry Weapons Level 1  
  82  5:51  SCV x2  
  82  5:54  Marine x2  
  86  6:00  SCV  
  86  6:03  SCV  
  87  6:08  Barracks Reactor, SCV  
  88  6:12  SCV  
  88  6:15  SCV  
  88  6:17  Supply Depot  
  88  6:18  Marine  
  91  6:19  Stimpack  
  91  6:20  SCV  
  91  6:21  Barracks Reactor  
  91  6:22  Viking  
  91  6:23  Viking  
  91  6:24  SCV  
  97  6:27  SCV  
  97  6:30  Supply Depot, Siege Tank  
  97  6:32  SCV  
  102  6:37  Marine, SCV  
  102  6:39  SCV  
  103  6:44  SCV  
  104  6:47  Refinery  
  104  6:48  Refinery  
  104  6:49  SCV  
  104  6:50  Barracks  
  104  6:51  Marine x2, Barracks, SCV  
  108  6:54  Viking x2  
  108  6:55  Marine  
  108  6:56  SCV  
  108  7:01  SCV  
  115  7:03  SCV  
  115  7:04  Siege Tank  
  115  7:07  Supply Depot x2  
  115  7:08  SCV  
  120  7:13  Armory, Supply Depot, SCV  
  120  7:14  Supply Depot  
  121  7:16  Marine x2  
  121  7:17  Marine x3  
  109  7:34  Marine x4, Medivac x2  
  109  7:35  Marine  
  109  7:36  Siege Tank  
  110  7:41  Barracks Reactor x2  
  110  7:52  Marine x4  
  110  7:53  Marine  
  114  8:00  Command Center  
  108  8:10  Marine x4  
  108  8:11  Marine  
  94  8:18  SCV x2  
Show
View Real Time Build Order
Export as new Build Order

HeroMarine Terran - Winner!

Build Orders: Reaper Expand 

Get SALT Encoding   

  12  0:00  SCV  
  13  0:13  SCV  
  14  0:17  Supply Depot  
  14  0:25  SCV  
  15  0:38  SCV  
  15  0:40  Barracks  
  16  0:43  Refinery  
  16  0:50  SCV  
  17  1:02  SCV  
  18  1:15  SCV  
  19  1:27  Reaper, Orbital Command  
  20  1:41  Command Center  
  20  1:53  SCV  
  21  1:57  Supply Depot  
  21  1:58  Marine  
  22  2:05  SCV  
  23  2:12  Factory  
  23  2:18  Refinery, SCV  
  23  2:21  Barracks Reactor  
  24  2:30  SCV  
  25  2:42  SCV  
  26  2:54  SCV  
  26  2:55  Orbital Command  
  26  2:56  Hellion, Bunker  
  26  2:57  Starport  
  29  2:59  Marine  
  29  3:04  Marine  
  31  3:07  SCV  
  32  3:17  Marine  
  32  3:19  Factory Tech Lab, SCV  
  34  3:21  SCV  
  34  3:22  Marine  
  34  3:26  Supply Depot  
  36  3:32  SCV  
  36  3:33  SCV  
  38  3:36  Marine  
  38  3:39  Marine  
  40  3:45  Factory Tech Lab, SCV  
  40  3:46  SCV  
  40  3:48  Raven, Refinery  
  44  3:54  Marine  
  45  3:57  Marine  
  45  3:58  SCV x2  
  48  4:03  Supply Depot  
  48  4:05  Siege Tank  
  51  4:10  SCV x2  
  54  4:20  Command Center  
  53  4:25  SCV x2  
  53  4:27  Supply Depot  
  53  4:28  Marine x2  
  55  4:32  Raven  
  55  4:37  SCV x2  
  59  4:45  Marine  
  59  4:46  Supply Depot, Marine  
  59  4:49  Siege Tank  
  59  4:52  SCV x2  
  66  5:02  Refinery  
  66  5:03  Marine x2  
  66  5:04  SCV x2  
  70  5:14  Raven  
  70  5:16  SCV x2  
  70  5:19  Supply Depot, Barracks  
  70  5:21  Marine x2, Barracks  
  74  5:28  SCV x2  
  77  5:31  Engineering Bay  
  77  5:33  Siege Tank  
  77  5:35  Engineering Bay  
  81  5:38  Orbital Command  
  81  5:41  SCV  
  81  5:42  SCV  
  83  5:44  Marine  
  83  5:45  Marine  
  85  5:54  SCV x2  
  87  5:58  Orbital Command  
  86  6:06  Siege Tank, SCV x2  
  86  6:10  Terran Infantry Armor Level 1, Terran Infantry Weapons Level 1  
  91  6:14  Supply Depot  
  91  6:15  Supply Depot, Stimpack  
  91  6:16  Viking  
  91  6:18  SCV x2  
  95  6:20  Viking  
  95  6:24  SCV  
  98  6:29  Barracks Reactor  
  98  6:30  Barracks Reactor, SCV x2  
  98  6:31  Marine  
  101  6:36  SCV  
  102  6:41  Refinery  
  102  6:42  Refinery, SCV x2  
  102  6:43  Barracks x2  
  103  6:48  Viking, SCV  
  103  6:50  Viking  
  108  6:54  SCV x2  
  108  6:57  Marine  
  108  6:58  Siege Tank  
  108  7:01  SCV  
  114  7:06  SCV x2  
  114  7:08  Marine  
  117  7:09  Supply Depot  
  117  7:10  Marine  
  117  7:12  Marine x2  
  117  7:13  Armory, SCV  
  117  7:15  Marine  
  121  7:18  SCV x2  
  121  7:19  Supply Depot x2  
  123  7:22  Viking  
  123  7:26  Marine  
  123  7:28  Marine  
  125  7:30  Marine  
  125  7:35  Viking, Siege Tank, Barracks Reactor x2  
  127  7:37  Marine  
  127  7:38  Marine  
  127  7:47  Marine  
  127  7:50  Command Center  
  128  7:52  Medivac  
  128  7:53  Marine x2  
  128  7:55  Marine x2  
  128  7:56  SCV x2  
  132  8:05  Medivac, SCV  
  132  8:07  Marine  
  132  8:11  Marine x2  
  128  8:13  Marine  
  128  8:17  Marine x2  
  128  8:18  Marine x2  
Tags
 
Add a new tag
Caveats
  • Supply blocks, unpowered buildings, or Contaminate may cause inaccurate times.
  • Supply counts are checked every 10 seconds.